 Dungeon Crawl Stone Soup version 0.29-a0-330-g52719c12eb (webtiles) character file.

Game seed: 11640225429891946820

199 night the Bolt Thrower (level 5, -3/33 HPs)
             Began as a Gargoyle Hunter on May 5, 2022.
             Slain by an orc warrior
             ... wielding a +2 vorpal mace
              (6 damage)
             ... on level 4 of the Dungeon.
             The game lasted 00:05:53 (2193 turns).

night the Bolt Thrower (Gargoyle Hunter)            Turns: 2193, Time: 00:05:54

Health: -3/33      AC: 18    Str: 15    XL:     5   Next: 77%
Magic:  14/14      EV:  6    Int:  9    God:
Gold:   176        SH:  0    Dex: 15    Spells: 4/4 levels left

rFire   . . .      SeeInvis .   a - +1 hand crossbow (freeze)
rCold   . . .      Faith    .   (no shield)
rNeg    + . .      Spirit   .   u - +0 shadow dragon scales
rPois   ∞          Reflect  .   (no helmet)
rElec   +          Harm     .   l - +0 cloak
rCorr   .          Rampage  .   (no gloves)
Will    .....                   r - +1 pair of boots
Stlth   +++.......              (no amulet)
HPRegen 0.11/turn               d - ring of magical power
MPRegen 0.14/turn               (no ring)

@: no status effects
A: sickness immunity, AC +4, negative energy resistance 1, electricity
resistance, torment resistance 1, petrification resistance
a: no special abilities


You were on level 4 of the Dungeon.
You visited 1 branch of the dungeon, and saw 4 of its levels.

You collected 176 gold pieces.

Inventory:

Hand Weapons
 a - a +1 hand crossbow of freezing (weapon)
 b - the +9 dagger of Egomania {venom, *Slow rC++ Will+++ Str-2}
   (You found it on level 2 of the Dungeon)

   It poisons the flesh of those it strikes.
   Str:       It affects your strength (-2).
   rC:        It greatly protects you from cold.
   *Slow:     It may slow you when you take damage.
   Will:      It greatly increases your willpower.
 v - a +1 dagger of venom
Missiles
 i - 121 stones (quivered)
 n - 4 poisoned darts
Armour
 l - a +0 cloak (worn)
 o - a +0 leather armour
 r - a +1 pair of boots (worn)
 u - +0 shadow dragon scales (worn)
Jewellery
 d - a ring of magical power (left hand)
Scrolls
 c - 2 scrolls of immolation
 f - a scroll of identify {unknown}
 m - 2 scrolls of fog
 q - 2 scrolls of amnesia {unknown}
Potions
 e - a potion of cancellation {unknown}
 g - a potion of haste {unknown}
 h - 3 potions of degeneration {unknown}
 j - 2 potions of heal wounds {unknown}
 k - 3 potions of flight {unknown}
 p - 2 potions of curing {unknown}
 s - 2 potions of brilliance {unknown}
 t - a potion of invisibility {unknown}


   Skills:
 + Level 3.9 Fighting
 * Level 6.0 Crossbows
 - Level 1.7 Dodging
 - Level 1.2 Stealth


You had 4 spell levels left.
You didn't know any spells.
Your spell library contained the following spells:

 Spells                   Type           Power      Damage    Failure   Level
 Ensorcelled Hibernation  Hex/Ice        0%         N/A       100%        2
 Spider Form              Tmut/Pois      0%         N/A       100%        3
 Anguish                  Hex/Necr       0%         N/A       100%        4


Dungeon Overview and Level Annotations

Branches:
Dungeon (4/15)
 Temple: D:4-7

Altars:


Innate Abilities, Weirdness & Mutations

You are immune to sickness and miasma.
Your stone body is resilient. (AC +4)
You are immune to poison.
You resist negative energy. (rN+)
You are resistant to electric shocks. (rElec)
You are resistant to unholy torment.
You are immune to petrification.


Message History

The bolt completely misses the orc warrior.
An orc comes into view. It is wielding a +0 dagger.
You shoot a bolt. The orc shouts!
The bolt hits the orc warrior but does no damage.
The orc warrior is lightly wounded.
An orc wizard comes into view. It is wielding a +0 dagger.
You shoot a bolt. The orc wizard shouts!
The bolt hits the orc warrior.
The bolt freezes the orc warrior.
The orc warrior is heavily wounded.
The orc priest calls upon Beogh to heal the orc warrior.
The orc warrior is healed somewhat.
The orc warrior hits you but does no damage.
The orc wizard casts a spell.
The orc wizard flickers and vanishes!
Deactivating autopickup; reactivate with Ctrl-A.
The orc warrior hits you with a +2 vorpal mace!
You hear a shout! x2
You shoot a bolt.
The bolt closely misses the orc warrior.
The bolt hits the orc priest.
The bolt freezes the orc priest.
The orc priest is moderately wounded.
The orc warrior hits you but does no damage. x2
You shoot a bolt. The bolt hits the orc warrior.
The bolt freezes the orc warrior.
The orc warrior is moderately wounded.
The orc warrior completely misses you.
An orc comes into view.
It is wielding a +1 short sword of speed.
You aren't carrying any items that you can evoke.
You shoot a bolt.
The bolt hits the orc warrior but does no damage.
The orc warrior is moderately wounded.
The orc warrior hits you with a +2 vorpal mace!
* * * LOW HITPOINT WARNING * * *
x2 The orc warrior hits you but does no damage.
As you read the scroll of fog, it crumbles to dust.
The scroll dissolves into smoke.
The orc warrior hits you with a +2 vorpal mace.
You die...

##.....# # .....## #
......# # .....# #
.....# ###########... #
#.##.# #..§§@ooo.o.#
####.##.####..#####.####
...#)##.......#### #
....))...)..........
#########..########.
#..# #..# #..# #..#


You could see an orc warrior and an orc priest.

Vanquished Creatures
  A scorpion (D:4)
  5 adders
  A worm (D:3)
  5 dart slugs
  4 orcs
  7 endoplasms
  3 giant cockroaches (D:1)
  8 goblins
  9 hobgoblins
  3 jackals (D:2)
  6 quokkas
  5 ball pythons
  3 bats (D:1)
  5 frilled lizards
  6 kobolds
  3 rats
74 creatures vanquished.

Vanquished Creatures (others)
  4 toadstools (D:1)
4 creatures vanquished.

Grand Total: 78 creatures vanquished

Notes
Turn   | Place    | Note
-------+----------+-------------------------------------------
     0 | D:1      | night the Gargoyle Hunter began the quest for the Orb.
     0 | D:1      | Reached XP level 1. HP: 12/12 MP: 1/1
   261 | D:1      | Reached XP level 2. HP: 18/18 MP: 2/2
   427 | D:1      | Reached XP level 3. HP: 22/22 MP: 3/3
   812 | D:2      | Identified the +9 dagger of Egomania {venom, *Slow rC++
                  | Will+++ Str-2}
  1170 | D:2      | Reached XP level 4. HP: 28/28 MP: 4/4
  1215 | D:2      | Reached skill level 5 in Crossbows
  1674 | D:3      | Reached XP level 5. HP: 32/32 MP: 5/5
  2159 | D:4      | Reached skill level 6 in Crossbows
  2183 | D:4      | Noticed an orc warrior
  2192 | D:4      | HP: 3/33 [orc warrior/+2 vorpal mace (5)]
  2193 | D:4      | Slain by an orc warrior

Illustrated notes

Levels and vault maps discovered:
D:1:      ldierk_water_garden, layout_loops_ring, minmay_strange_pillars,
          chequers_serial_rivers_large_b, minmay_surrounded
D:2:      layout_basic
D:3:      layout_basic, minmay_misc_feat_four_crosses
D:4:      layout_loops_ring, nicolae_dithmenos_shadow_blocks, uniq_duvessa

Skill      XL: |  1  2  3  4  5 |
---------------+----------------+-----
Fighting       | 3 |  3.9
Crossbows      | 5 6 |  6.0
Dodging        | |  1.7
Stealth        | |  1.2

Action                   |  1- 3 |  4- 6 || total
-------------------------+-------+-------++-------
 Fire: Hand crossbow     |   129 |    97 ||   226
  Use: Scroll            |     4 |     1 ||     5
Armor: Leather armour    |    21 |    13 ||    34
       Shadow dragon sca |       |     9 ||     9
Dodge: Dodged            |    32 |    37 ||    69

Table legend: (Time is in decaauts)
 A = Elapsed time spent in this place.
 B = Non-inter-level travel time spent in this place.
 C = Inter-level travel time spent in this place.
 D = Time resting spent in this place.
 E = Time spent auto-exploring this place.
 F = Levels seen in this place.
 G = Mean time per level.
                   A        B        C        D        E       F      G
               +--------+--------+--------+--------+--------+-----+--------+
         Total |   2298 |   2242 |     56 |      0 |   1741 |   4 |  574.5 |
       Dungeon |   2298 |   2242 |     56 |      0 |   1741 |   4 |  574.5 |
               +--------+--------+--------+--------+--------+-----+--------+

Top non-repeatable levels by time:
     D:1: 845 daAuts
     D:2: 759 daAuts
     D:3: 538 daAuts
     D:4: 155 daAuts
